 Dungeon Crawl Stone Soup version 0.27-a0-1202-ge72e49191c (webtiles) character file.

Game seed: 9043620165821982397

290 Delamore the Shield-Bearer (level 6, 0/49 HPs)
             Began as a Formicid Fighter on June 2, 2021.
             Slain by a kobold
             ... wielding a +0 dagger
              (3 damage)
             ... on level 6 of the Dungeon.
             The game lasted 00:02:35 (2940 turns).

Delamore the Shield-Bearer (Formicid Fighter)       Turns: 2940, Time: 00:02:36

Health: 0/49       AC:  7    Str: 23    XL:     6   Next: 58%
Magic:  6/6        EV:  8    Int:  7    God:
Gold:   88         SH: 10    Dex: 10    Spells: 5/5 levels left

rFire    . . .     SeeInvis +   a - +0 trident
rCold    . . .     Faith    .   c - +0 kite shield
rNeg     . . .     Spirit   .   b - +0 scale mail
rPois    .         Reflect  .   (helmet unavailable)
rElec    .         Harm     .   (no cloak)
rCorr    .         Rampage  .   (no gloves)
Will     .....                  (no boots)
Stlth    ..........             (no amulet)
HPRegen  0.16/turn              (no ring)
MPRegen  0.10/turn              (no ring)

@: very slightly contaminated, invisible
A: permanent stasis, dig shafts and tunnels, antennae 3, four strong arms
a: Dig, Shaft Self


You were on level 6 of the Dungeon.
You visited 1 branch of the dungeon, and saw 6 of its levels.

You collected 88 gold pieces.

Inventory:

Hand Weapons
 a - a +0 trident (weapon)
Missiles
 h - 3 boomerangs
Armour
 b - a +0 scale mail (worn)
 c - a +0 kite shield (worn)
Wands
 k - a wand of iceblast (4)
Potions
 d - a potion of might
 e - a potion of invisibility


   Skills:
 + Level 4.4 Fighting
 * Level 4.3 Polearms
 + Level 4.4 Armour
 + Level 4.9 Shields


You had 5 spell levels left.
You didn't know any spells.
Your spell library was empty.

Dungeon Overview and Level Annotations

Branches:
Dungeon (6/15)
 Temple: D:4-7

Altars:
Dithmenos
Uskayaw


Innate Abilities, Weirdness & Mutations

You cannot be hasted, slowed, berserked, paralysed or teleported.
You can dig through walls and to a lower floor.
You have a pair of large antennae on your head. (SInv)
Your four strong arms can wield two-handed weapons with a shield.


Message History

The kobold shouts!
A sky beast comes into view.
The kobold hits you but does no damage.
You barely miss the kobold.
You feel sick.
A kobold comes into view. It is wielding a +0 short sword.
A kobold comes into view. It is wielding a +0 dagger.
You barely miss the kobold brigand.
You feel sick.
You fade into invisibility!
You feel sick. You block the kobold brigand's attack.
You are very lightly contaminated with residual magic.
You closely miss the kobold brigand.
You feel sick.
The kobold brigand hits you with a +0 short sword.
* * * LOW HITPOINT WARNING * * *
A howler monkey zombie comes into view.
It was a potion of haste.
Your stasis prevents you from being hasted.
You feel sick. The kobold brigand closely misses you.
A kobold comes into view. It is wielding a +0 club.
The kobold shouts!
You hit the kobold brigand.
The kobold brigand is lightly wounded.
You feel sick.
You are no longer poisoned.
The kobold brigand hits you with a +0 short sword.
* * * LOW HITPOINT WARNING * * *
The kobold brigand hits you but does no damage.
You closely miss the kobold brigand.
The kobold brigand is lightly wounded.
The kobold brigand hits you but does no damage.
You puncture the kobold brigand!
The kobold brigand is moderately wounded.
You hit the kobold brigand.
The kobold brigand is heavily wounded.
The kobold brigand barely misses you.
You hit the kobold brigand.
The kobold brigand is severely wounded.
The kobold brigand hits you with a +0 short sword!
* * * LOW HITPOINT WARNING * * *
The kobold hits you with a +0 dagger.
You die...

## .. ####.### .
....... ..
#..#.#
.#.#..#.##
........@####
.......ZKKKY#
###.....##KK....
###.<## {.....
#..## .... #.#
... ... .. ###.
.


You could see a sky beast, a kobold brigand, a howler monkey zombie and 4
kobolds.

Vanquished Creatures
  An ice beast (D:5)
  A centaur (D:5)
  A hound (D:4)
  2 hound skeletons (D:4)
  An adder (D:5)
  A worm (D:3)
  An orc (D:3)
  4 ball pythons
  3 endoplasms
  4 giant cockroaches
  4 goblins
  6 hobgoblins
  6 jackals
  3 kobolds
  2 quokkas
  3 bats
  4 frilled lizards
  A rat (D:2)
48 creatures vanquished.

Notes
Turn   | Place    | Note
-------+----------+-------------------------------------------
     0 | D:1      | Delamore the Formicid Fighter began the quest for the Orb.
     0 | D:1      | Reached XP level 1. HP: 18/18 MP: 1/1
    72 | D:1      | You fall into a shaft and drop 1 floor!
    91 | D:2      | Reached XP level 2. HP: 23/24 MP: 2/2
   647 | D:2      | Reached XP level 3. HP: 29/29 MP: 3/3
  1476 | D:3      | Found a shadowy altar of Dithmenos.
  2097 | D:4      | Reached XP level 4. HP: 37/37 MP: 4/4
  2166 | D:4      | Noticed an ogre
  2184 | D:4      | Reached XP level 5. HP: 27/42 MP: 5/5
  2659 | D:4      | You fall into a shaft and drop 1 floor!
  2659 | D:5      | Entered Level 5 of the Dungeon
  2746 | D:5      | Found a hide-covered altar of Uskayaw.
  2762 | D:5      | Noticed an ice beast
  2779 | D:5      | Killed an ice beast
  2780 | D:5      | Reached XP level 6. HP: 33/48 MP: 6/6
  2929 | D:6      | Noticed a sky beast
  2940 | D:6      | Slain by a kobold

Illustrated notes

Levels and vault maps discovered:
D:1:      dpeg_arrival_rhombi, layout_loops_ring, ebering_ecumenical_altar_rust,
          corexii_leaking_fountain
D:2:      layout_basic
D:3:      layout_basic, old_standard_altar
D:4:      layout_basic
D:5:      layout_loops_ring, kennysheep_mini_moat, nicolae_uskayaw_dance_hall
D:6:      layout_basic, lemuel_coloured_pillars_altar, tso_oasis_becter,
          nicolae_overflow_crystal_walls, nicolae_ossuary_entry_giza

Skill      XL: |  1  2  3  4  5 |
---------------+----------------+-----
Shields        | 4 |  4.9
Polearms       | 3 4 |  4.3
Fighting       | 4 |  4.4
Armour         | 4 |  4.4

Action                   |  1- 3 |  4- 6 || total
-------------------------+-------+-------++-------
Melee: Trident           |   114 |    65 ||   179
 Abil: Dig               |       |     1 ||     1
       Shaft Self        |       |     1 ||     1
  Use: Scroll            |       |     6 ||     6
       Potion            |       |     2 ||     2
Armor: Scale mail        |    29 |    24 ||    53
Dodge: Dodged            |    21 |    21 ||    42
Block: Kite shield       |    39 |    32 ||    71

Table legend: (Time is in decaauts)
 A = Elapsed time spent in this place.
 B = Non-inter-level travel time spent in this place.
 C = Inter-level travel time spent in this place.
 D = Time resting spent in this place.
 E = Time spent auto-exploring this place.
 F = Levels seen in this place.
 G = Mean time per level.
                   A        B        C        D        E       F      G
               +--------+--------+--------+--------+--------+-----+--------+
         Total |   2996 |   2883 |    113 |    288 |   2134 |   6 |  499.3 |
       Dungeon |   2996 |   2883 |    113 |    288 |   2134 |   6 |  499.3 |
               +--------+--------+--------+--------+--------+-----+--------+

Top non-repeatable levels by time:
     D:3: 1192 daAuts
     D:2: 1077 daAuts
     D:4: 361 daAuts
     D:5: 275 daAuts
     D:1: 75 daAuts
     D:6: 15 daAuts
